 Dungeon Crawl Stone Soup version 0.30.1-4-g462c640d31 (webtiles) character file.

Game seed: 12064174665654976999

21 Cheops the Caller (level 2, 0/20 HPs)
             Began as a Draconian Summoner on Sept 12, 2023.
             Slain by a gnoll
             ... wielding a +0 flail
              (7 damage)
             ... on level 1 of the Dungeon.
             The game lasted 00:02:56 (880 turns).

Cheops the Caller (Draconian Summoner)               Turns: 880, Time: 00:02:57

Health: 0/20       AC:  4    Str: 10    XL:     2   Next: 65%
Magic:  3/6        EV: 12    Int: 15    God:
Gold:   21         SH:  0    Dex: 11    Spells: 4/7 levels left

rFire   . . .        b - +0 short sword
rCold   . . .        (no shield)
rNeg    . . .        (body armour unavailable)
rPois   .            (helmet restricted)
rElec   .            (no cloak)
rCorr   .            (no gloves)
SInv    .            (no boots)
Will    .....        (no amulet)
Stlth   ++           (no ring)
HPRegen 0.23/turn    (no ring)
MPRegen 0.10/turn

%: no passive effects
@: no status effects
A: AC +4, unfitting armour, cold-blooded
a: no special abilities


You were on level 1 of the Dungeon.
You visited 1 branch of the dungeon, and saw 1 of its levels.

You collected 21 gold pieces.

Inventory:

Hand Weapons
 b - a +0 short sword (weapon)
Scrolls
 d - a scroll of vulnerability {unknown}
Potions
 a - a potion of magic
 c - a potion of berserk rage {unknown}
 e - a potion of might {unknown}


   Skills:
 - Level 1.7 Dodging
 - Level 1.7 Stealth
 - Level 3.0 Spellcasting
 + Level 4.1 Summonings


You had 4 spell levels left.
You knew the following spells:

 Your Spells              Type           Power      Damage    Failure   Level
i - Call Imp              Summ           28%        N/A       5%          2
m - Summon Small Mammal   Summ           56%        N/A       3%          1

Your spell library contained the following spells:

 Spells                   Type           Power      Damage    Failure   Level
 Call Canine Familiar     Summ           14%        N/A       11%         3
 Summon Guardian Golem    Hex/Summ       8%         N/A       26%         3
 Sublimation of Blood     Necr           2%         N/A       30%         2
 Wereblood                Tmut           2%         N/A       30%         2
 Summon Lightning Spire   Summ/Air       8%         N/A       65%         4
 Summon Hydra             Summ           7%         N/A       100%        7


Dungeon Overview and Level Annotations

Branches:
Dungeon (1/15)

Altars:


Innate Abilities, Weirdness & Mutations

Your plain brown scales are hard. (AC +4)
You cannot fit into any form of body armour.
You are cold-blooded and may be slowed by cold attacks.


Message History

The bat barely misses you. The bat closely misses you.
Your cerulean imp barely misses the bat.
You hit the bat.
The bat is severely wounded.
The endoplasm quivers.
The bat hits you but does no damage.
Your cerulean imp misses the bat.
You hit the bat.
You kill the bat!
No reachable target in view!
Your cerulean imp disappears in a puff of smoke!
A gnoll comes into view. It is wielding a +0 flail.
The gnoll shouts!
The gnoll hits you but does no damage. The gnoll misses you.
Casting: Call Imp (safe; 5% risk of failure)
Confirm with . or Enter, or press ? or * to list all spells.
A tiny devil pulls itself out of the air.
The gnoll hits you with a +0 flail.
Casting: Call Imp (safe; 5% risk of failure)
Confirm with . or Enter, or press ? or * to list all spells.
The gnoll closely misses you.
Your cerulean imp barely misses the gnoll.
You barely miss the gnoll. The gnoll hits you with a +0 flail.
* * * LOW HITPOINT WARNING * * *
Your cerulean imp closely misses the gnoll.
You hit the gnoll.
The gnoll is moderately wounded.
The gnoll hits you with a +0 flail.
* * * LOW HITPOINT WARNING * * *
Your rat bites the gnoll.
Your cerulean imp hits the gnoll with a -3 spear.
You hit the gnoll but do no damage.
Your tail-slap misses the gnoll.
The gnoll is severely wounded.
The gnoll hits you with a +0 flail.
* * * LOW HITPOINT WARNING * * *
Your rat barely misses the gnoll.
Your cerulean imp hits the gnoll but does no damage.
The gnoll attacks as you move away! The gnoll hits you with a +0 flail!
You die...

##.### ##..#.. #######
######## ...#.#
##.....########.........
..#.# #..###........g5#
#######.#.#
#.############@r# .........#
#............#......#
##.....#
#.##########.##..####
#..))..# #..##......#.# #.#
#....... ##.........#J# .#
#####.......
###.......#.#[#.#
#...........
##......#.#.#.###.####......
#......# #.#...#....#.....>
#......#.#....#####.#......


You could see a gnoll (ally target), a friendly cerulean imp (summoned) and a
friendly rat (summoned).

Vanquished Creatures
  A dart slug (D:1)
  An endoplasm (D:1)
  2 giant cockroaches (D:1)
  4 kobolds (D:1)
  A quokka (D:1)
  A ball python (D:1)
  A bat (D:1)
  3 frilled lizards (D:1)
  A goblin (D:1)
  A rat (D:1)
16 creatures vanquished.

Vanquished Creatures (collateral kills)
  A goblin (D:1)
  2 hobgoblins (D:1)
3 creatures vanquished.

Grand Total: 19 creatures vanquished

Notes
Turn   | Place    | Note
-------+----------+-------------------------------------------
     0 | D:1      | Cheops the Draconian Summoner began the quest for the Orb.
     0 | D:1      | Reached XP level 1. HP: 14/14 MP: 3/3
   186 | D:1      | Reached XP level 2. HP: 20/20 MP: 5/5
   278 | D:1      | Found a faded altar of an unknown god.
   368 | D:1      | Learned a level 2 spell: Call Imp
   880 | D:1      | Slain by a gnoll

Illustrated notes

Levels and vault maps discovered:
D:1:      nicolae_arrival_somewhat_less_tricky_arrival, layout_rooms,
          chequers_ecumenical_altar_simple_redux, serial_co_window_serial,
          co_window_of_opportunity_a, co_window_paths_b, co_window_paths_a,
          co_window_paths_b, co_window_of_opportunity_a, co_window_corner_cb,
          co_window_broadway_b, co_window_paths_c, co_window_corner_cb,
          co_window_of_opportunity_c, glass_columns_a, glass_columns_c,
          glass_columns_a, glass_columns_a

Skill      XL: |  1  2 |
---------------+-------+-----
Spellcasting   | 3 |  3.0
Dodging        | |  1.7
Stealth        | |  1.7
Summonings     | |  4.1

Action                     || total
---------------------------++-------
  Melee: Short sword       ||    65
         Unarmed           ||    12
         Tailslap          ||     7
         Punch             ||     2
   Cast: Summon Small Mamm ||     7
         Call Imp          ||     2
   Stab: Sleeping          ||     1
 Armour: Skin              ||    18
  Dodge: Dodged            ||    45
